 Dungeon Crawl Stone Soup version 0.30-a0-371-gad7725a93e (webtiles) character file.

Game seed: 2183414820270142982

143 arthad the Insei (level 5, -1/41 HPs)
             Began as a Gnoll Transmuter on Nov 20, 2022.
             Killed from afar by an orc wizard (5 damage)
             ... with a magic dart
             ... on level 5 of the Dungeon.
             The game lasted 00:05:20 (2734 turns).

arthad the Insei (Gnoll Transmuter)                 Turns: 2734, Time: 00:05:20

Health: -1/41      AC:  2    Str:  9    XL:     5   Next: 25%
Magic:  9/12       EV: 22    Int: 14    God:
Gold:   236        SH:  0    Dex: 18    Spells: 8/14 levels left

rFire   . . .      SeeInvis .      - Unarmed
rCold   . . .      Faith    .    (shield currently unavailable)
rNeg    . . .      Spirit   .    (body armour currently unavailable)
rPois   x          Reflect  .    (helmet currently unavailable)
rElec   .          Harm     .    (cloak currently unavailable)
rCorr   +          Rampage  .    (gloves currently unavailable)
Will    .....                    (boots currently unavailable)
Stlth   ++........               p - amulet of the acrobat
HPRegen 0.26/turn                j - ring of resist corrosion
MPRegen 0.13/turn                (no ring)

@: spider-form
A: venomous fangs, tiny, (fangs 1), strong nose, distributed training
a: End Transformation


You were on level 5 of the Dungeon.
You were a venomous arachnid creature.
You visited 1 branch of the dungeon, and saw 5 of its levels.

You collected 236 gold pieces.

Inventory:

Missiles
 d - 21 poisoned darts
 s - 2 boomerangs
Armour
 a - a +0 robe (melded)
 c - a +0 buckler
 r - a +0 ring mail of cold resistance
Jewellery
 j - a ring of resist corrosion (left front leg)
 p - an amulet of the acrobat (around neck)
Wands
 k - a wand of charming (2)
 o - a wand of flame (16)
Scrolls
 e - a scroll of torment
 m - a scroll of teleportation
 n - a scroll of identify
Potions
 b - a potion of lignification
 f - 2 potions of might
 g - a potion of mutation {unknown}
 h - a potion of berserk rage {unknown}
 l - 2 potions of curing
 q - a potion of magic {unknown}
 t - a potion of resistance {unknown}


   Skills:
 + Level 3.0 Fighting
 + Level 1.4 Short Blades
 + Level 1.4 Long Blades
 + Level 1.4 Axes
 + Level 1.4 Maces & Flails
 + Level 1.4 Polearms
 + Level 1.4 Staves
 + Level 1.4 Ranged Weapons
 + Level 1.4 Throwing
 + Level 1.4 Armour
 + Level 4.8 Dodging
 + Level 1.4 Stealth
 + Level 1.4 Shields
 + Level 6.7 Unarmed Combat
 + Level 5.2 Spellcasting
 + Level 1.1 Conjurations
 + Level 1.1 Hexes
 + Level 1.1 Summonings
 + Level 1.1 Necromancy
 + Level 1.1 Translocations
 + Level 3.9 Transmutations
 + Level 1.1 Fire Magic
 + Level 1.1 Ice Magic
 + Level 1.1 Air Magic
 + Level 1.1 Earth Magic
 + Level 1.1 Poison Magic
 + Level 1.6 Invocations
 + Level 1.4 Evocations


You had 8 spell levels left.
You knew the following spells:

 Your Spells              Type           Power      Damage    Failure   Level
a - Beastly Appendage     Tmut           28%        N/A       11%         1
b - Wereblood             Tmut           14%        N/A       14%         2
c - Spider Form           Tmut/Pois      10%        N/A       38%         3

Your spell library contained the following spells:

 Spells                   Type           Power      Damage    Failure   Level
 Ice Form                 Ice/Tmut       10%        N/A       73%         4


Dungeon Overview and Level Annotations

Branches:
Dungeon (4/15)
 Temple: D:4-7

Altars:


Innate Abilities, Weirdness & Mutations

You are a venomous arachnid creature.
You have poisonous fangs.
You are tiny and dextrous.
Your spellcasting is less reliable in this form.
Your armour is entirely melded.
You are incapable of wielding weapons or throwing items.
((You have very sharp teeth.))
Your uncanny sense of smell can sniff out nearby items.
Your experience applies equally to all skills.


Message History

As you read the scroll labelled VASUNNOACU, it crumbles to dust.
You feel strangely unstable.
It was a scroll of teleportation.
Okay, then.
You open the door.
Your surroundings suddenly seem different.
A jelly comes into view.
Found a ring mail.
A sourceless malevolence fills the Dungeon...
You fall into a shaft and drop 1 floor!
The shaft crumbles and collapses.
HP restored.
You now have 236 gold pieces (gained 18).
An orc priest, an orc wizard and an orc come into view.
Found a wand of flame (10).
The orc priest shouts!
The orc wizard shouts!
The orc wizard gestures wildly while chanting.
The orc wizard flickers and vanishes!
Deactivating autopickup; reactivate with Ctrl-A.
Casting: Spider Form (quite dangerous; 19% risk of failure)
Confirm with . or Enter, or press ? or * to list all spells.
The spell is quite dangerous to miscast (19% risk of failure)!
Continue anyway?
Uppercase [Y]es or [N]o only, please.
The spell is quite dangerous to miscast (19% risk of failure)!
Continue anyway?
You turn into a venomous arachnid creature.
Your +0 robe melds into your body.
You hear some strange, mumbled words.
A puff of flame appears from out of thin air!
The puff of flame hits you!
The orc priest mumbles some strange prayers to Beogh against you.
Beogh smites you! Something barely misses you.
The orc priest mumbles some strange prayers to Beogh against you.
Beogh smites you!
* * * LOW HITPOINT WARNING * * *
You closely miss something. You closely miss something.
You hear some strange, mumbled words.
A magic dart appears from out of thin air!
The magic dart hits you.
You die...

#########
#.......#
#.#####.#
#.# #.#
#######.#
#.......#
#s#######
#{# #o#
#.# #o#
#.# ∆ #.#
#.#


You could see an orc priest and an orc.

Vanquished Creatures
  4 gnolls (D:3)
  2 adders
  An ufetubus (D:3)
  3 worms
  A dart slug (D:2)
  5 orcs (D:3)
  5 ball pythons
  8 endoplasms
  4 giant cockroaches
  8 goblins
  4 hobgoblins
  8 kobolds
  3 bats
  4 frilled lizards (D:2)
  7 rats
67 creatures vanquished.

Notes
Turn   | Place    | Note
-------+----------+-------------------------------------------
     0 | D:1      | arthad the Gnoll Transmuter began the quest for the Orb.
     0 | D:1      | Reached XP level 1. HP: 17/17 MP: 6/6
     9 | D:1      | Noticed an ogre
    78 | D:1      | Reached XP level 2. HP: 22/23 MP: 4/7
   612 | D:2      | Reached skill level 5 in Spellcasting
   612 | D:2      | Reached XP level 3. HP: 28/28 MP: 7/9
   628 | D:2      | Learned a level 2 spell: Wereblood
   632 | D:2      | Learned a level 3 spell: Spider Form
   770 | D:2      | Reached skill level 1 in Invocations
  1028 | D:2      | Reached skill level 1 in Short Blades
  1028 | D:2      | Reached skill level 1 in Long Blades
  1028 | D:2      | Reached skill level 1 in Axes
  1028 | D:2      | Reached skill level 1 in Maces & Flails
  1028 | D:2      | Reached skill level 1 in Polearms
  1028 | D:2      | Reached skill level 1 in Staves
  1028 | D:2      | Reached skill level 1 in Ranged Weapons
  1028 | D:2      | Reached skill level 1 in Throwing
  1028 | D:2      | Reached skill level 1 in Armour
  1028 | D:2      | Reached skill level 1 in Stealth
  1028 | D:2      | Reached skill level 1 in Shields
  1028 | D:2      | Reached skill level 1 in Evocations
  1167 | D:2      | Reached XP level 4. HP: 34/34 MP: 11/11
  1356 | D:2      | Found a faded altar of an unknown god.
  1848 | D:3      | Reached skill level 1 in Conjurations
  1848 | D:3      | Reached skill level 1 in Hexes
  1848 | D:3      | Reached skill level 1 in Summonings
  1848 | D:3      | Reached skill level 1 in Necromancy
  1848 | D:3      | Reached skill level 1 in Translocations
  1848 | D:3      | Reached skill level 1 in Fire Magic
  1848 | D:3      | Reached skill level 1 in Ice Magic
  1848 | D:3      | Reached skill level 1 in Air Magic
  1848 | D:3      | Reached skill level 1 in Earth Magic
  1848 | D:3      | Reached skill level 1 in Poison Magic
  1945 | D:3      | Reached XP level 5. HP: 21/40 MP: 10/12
  2686 | D:4      | You fall into a shaft and drop 1 floor!
  2686 | D:5      | Entered Level 5 of the Dungeon
  2734 | D:5      | Killed from afar by an orc wizard

Illustrated notes

Levels and vault maps discovered:
D:1:      evilmike_arrival_come_back, layout_rooms,
          hangedman_abyss_or_decor_lesser_grid
D:2:      layout_basic, ebering_ecumenical_altar_hall, st_stairs_2,
          minmay_tromino_v4_c
D:3:      layout_loops_ring
D:4:      kennysheep_spiral_hall, layout_basic,
          mainiacjoe_overflow_tiny_flanked, enter_ossuary_3, uniq_pikel,
          uniq_natasha
D:5:      layout_loops_ring, serial_shops, nicolae_shop_hallway_plus,
          uniq_blork_the_orc, uniq_edmund

Skill      XL: |  1  2  3  4  5 |
---------------+----------------+-----
Spellcasting   | 5 |  5.2
Invocations    | 1 |  1.6
Short Blades   | 1 |  1.4
Long Blades    | 1 |  1.4
Axes           | 1 |  1.4
Maces & Flails | 1 |  1.4
Polearms       | 1 |  1.4
Staves         | 1 |  1.4
Ranged Weapons | 1 |  1.4
Throwing       | 1 |  1.4
Armour         | 1 |  1.4
Stealth        | 1 |  1.4
Shields        | 1 |  1.4
Evocations     | 1 |  1.4
Conjurations   | 1 |  1.1
Hexes          | 1 |  1.1
Summonings     | 1 |  1.1
Necromancy     | 1 |  1.1
Translocations | 1 |  1.1
Fire Magic     | 1 |  1.1
Ice Magic      | 1 |  1.1
Air Magic      | 1 |  1.1
Earth Magic    | 1 |  1.1
Poison Magic   | 1 |  1.1
Fighting       | 3 |  3.0
Dodging        | |  4.8
Unarmed Combat | |  6.7
Transmutations | |  3.9

Action                   |  1- 3 |  4- 6 || total
-------------------------+-------+-------++-------
Melee: Unarmed           |   109 |    74 ||   183
       Bite              |     6 |     7 ||    13
       Punch             |     3 |     1 ||     4
       Kick              |     2 |       ||     2
       Headbutt          |       |     1 ||     1
 Cast: Beastly Appendage |     2 |     2 ||     4
       Spider Form       |       |     4 ||     4
       Wereblood         |       |     3 ||     3
  Use: Potion            |       |     2 ||     2
       Scroll            |       |     3 ||     3
 Stab: Sleeping          |     4 |     2 ||     6
       Distracted        |       |     1 ||     1
Armor: Robe              |    14 |     5 ||    19
Dodge: Dodged            |    50 |    65 ||   115

Table legend: (Time is in decaauts)
 A = Elapsed time spent in this place.
 B = Non-inter-level travel time spent in this place.
 C = Inter-level travel time spent in this place.
 D = Time resting spent in this place.
 E = Time spent auto-exploring this place.
 F = Levels seen in this place.
 G = Mean time per level.
                   A        B        C        D        E       F      G
               +--------+--------+--------+--------+--------+-----+--------+
         Total |   2710 |   2664 |     46 |     52 |   2123 |   5 |  542.0 |
       Dungeon |   2710 |   2664 |     46 |     52 |   2123 |   5 |  542.0 |
               +--------+--------+--------+--------+--------+-----+--------+

Top non-repeatable levels by time:
     D:2: 1050 daAuts
     D:3: 1048 daAuts
     D:1: 549 daAuts
     D:5: 47 daAuts
     D:4: 15 daAuts
